 Dungeon Crawl Stone Soup version 0.26.1-2-gb8aa6d0cf2 (webtiles) character file.

Game seed: 16334164191105529530

1533 Eitelfritz the Slasher (level 8, 0/70 HPs)
             Began as a Hill Orc Fighter on Mar 7, 2021.
             Was a Follower of the Shining One.
             Slain by a hornet (7 damage)
             ... on level 6 of the Dungeon.
             The game lasted 00:14:08 (7348 turns).

Eitelfritz the Slasher (Hill Orc Fighter)           Turns: 7348, Time: 00:14:11

Health: 0/70       AC: 14    Str: 21    XL:     8   Next: 85%
Magic:  8/8        EV:  7    Int:  8    God:    the Shining One [*.....]
Gold:   284        SH: 11    Dex: 16    Spells: 7/7 levels left

rFire    . . .     SeeInvis .   a - +4 long sword
rCold    . . .     Faith    +   c - +0 kite shield
rNeg     . . .     Spirit   .   y - +0 chain mail
rPois    .         Reflect  .   (no helmet)
rElec    .         Harm     .   (no cloak)
rCorr    .         Rampage  .   l - +0 pair of gloves (curse)
Will     .....                  n - +2 pair of boots
Stlth    ..........             p - amulet of faith
HPRegen  0.21/turn              w - +6 ring of dexterity
MPRegen  0.11/turn              (no ring)

@: lethally poisoned (0 -> -7), slowed, glowing, very slow
A: no striking features
a: Renounce Religion


You were on level 6 of the Dungeon.
You worshipped the Shining One.
The Shining One was aware of your devotion.
You visited 1 branch of the dungeon, and saw 6 of its levels.

You collected 284 gold pieces.

Inventory:

Hand Weapons
 a - a +4 long sword (weapon)
 b - a +0 shortbow
 C - the +5 trident "Newtbane" {speed, +Inv Str-3 Dex+5}
   (You took it off an orc on level 4 of the Dungeon)

   Attacks with this weapon are significantly faster.
   It affects your strength (-3).
   It affects your dexterity (+5).
   It lets you turn invisible.
 D - a +1 vorpal flail
Missiles
 q - 37 poisoned darts (quivered)
 E - 15 arrows
Armour
 c - a +0 kite shield (worn)
 l - a cursed +0 pair of gloves (worn)
 n - a +2 pair of boots (worn)
 x - a +0 plate armour
 y - a +0 chain mail (worn)
Jewellery
 p - an amulet of faith (around neck)
 r - a cursed ring of teleportation {unknown}
 w - a +6 ring of dexterity (left hand)
Wands
 s - a wand of iceblast (6)
 t - a wand of acid (12)
Scrolls
 e - 2 scrolls of teleportation {unknown}
 f - 2 scrolls of identify
 i - 2 scrolls of amnesia
 k - 3 scrolls of enchant armour
 m - 2 scrolls of magic mapping
 o - a scroll of blinking
 v - a scroll of remove curse
Potions
 d - a potion of might
 g - 7 potions of curing
 h - 2 potions of cancellation
 j - a potion of brilliance
 u - a potion of berserk rage
 z - a potion of ambrosia {unknown}
 A - a potion of flight {unknown}
 B - a potion of heal wounds
 F - 2 potions of mutation {unknown}
 G - a potion of haste {unknown}


   Skills:
 + Level 5.8 Fighting
 + Level 7.6 Long Blades
 + Level 0.6 Throwing
 + Level 6.4 Armour
 + Level 1.3 Dodging
 + Level 0.5 Stealth
 + Level 6.3 Shields


You had 7 spell levels left.
You didn't know any spells.
Your spell library contained the following spells:

 Spells                   Type           Power        Failure   Level
 Confusing Touch          Hex            0%           100%        3
 Gell's Gravitas          Tloc           0%           100%        3
 Petrify                  Tmut/Erth      0%           100%        4
 Metabolic Englaciation   Hex/Ice        0%           100%        5
 Yara's Violent Unravell  Hex/Tmut       0%           100%        5


Dungeon Overview and Level Annotations

Branches:
Dungeon (6/15)             Temple (0/1) D:6

Altars:
Ashenzari
Dithmenos
Elyvilon
Kikubaaqudgha
Qazlal
Vehumet
Wu Jian
The Shining One

Annotations:
D:2 Sigmund


Message History

You feel as though you will be slow longer.
You slash the hornet!
The hornet is heavily wounded.
You feel sick. You block the hornet's attack. The hornet stings you!
You feel as though you will be slow longer.
The hornet stings you.
You feel as though you will be slow longer.
You hit the hornet but do no damage.
The hornet is heavily wounded.
You feel sick. The hornet stings you!
* * * LOW HITPOINT WARNING * * *
You feel as though you will be slow longer.
The hornet stings you but does no damage.
You closely miss the hornet.
The hornet is heavily wounded.
You feel sick. The hornet stings you.
* * * LOW HITPOINT WARNING * * *
You feel as though you will be slow longer.
The hornet stings you!
You die...

........#...#.
........#..... #
........#....# ..
........###### ..
.(............ .8
#######.######
+###. #.######
......####
#.##....
#....y@.#
#.##....
#######.#
#.##.... #.#
#.##.... #.#
###.##....
#.######.#.......
#........####....
########.# #....
#.# ##'## #.# #.#


You could see a hornet.

Vanquished Creatures
  2 ice beasts (D:6)
  A phantom (D:6)
  A centaur (D:5)
  3 ogres
  2 bullfrogs
  A scorpion (D:4)
  5 wights (D:6)
  A hound (D:6)
  A bullfrog zombie (D:6)
  A centaur skeleton (D:6)
  An orc wizard (D:4)
  Jessica (D:2)
  2 iguanas
  3 worker ants
  A hound skeleton (D:4)
  Robin (D:2)
  A howler monkey skeleton (D:4)
  3 gnolls (D:3)
  7 adders
  A shadow imp (D:5)
  A white imp (D:6)
  An adder zombie (D:5)
  2 worms (D:2)
  3 dart slugs
  10 leopard geckos
  15 orcs
  16 bats
  4 giant cockroaches
  2 hobgoblins
  10 jackals
  3 quokkas
  A frilled lizard (D:1)
  18 goblins
  A jackal zombie (D:5)
  10 kobolds
  15 rats
151 creatures vanquished.

Notes
Turn   | Place    | Note
-------+----------+-------------------------------------------
     0 | D:1      | Eitelfritz the Hill Orc Fighter began the quest for the
                  | Orb.
     0 | D:1      | Reached XP level 1. HP: 19/19 MP: 1/1
   162 | D:1      | Reached XP level 2. HP: 20/27 MP: 2/2
   462 | D:1      | Reached XP level 3. HP: 33/33 MP: 3/3
   826 | D:2      | Noticed Robin
   890 | D:1      | Reached skill level 3 in Long Blades
   999 | D:2      | Killed Robin
  1000 | D:2      | Reached XP level 4. HP: 37/40 MP: 4/4
  1317 | D:2      | Noticed Jessica
  1324 | D:2      | Killed Jessica
  1325 | D:2      | Reached XP level 5. HP: 33/46 MP: 5/5
  1637 | D:2      | Noticed Sigmund
  1802 | D:3      | Found a broken altar of Ashenzari.
  1822 | D:3      | Reached skill level 4 in Long Blades
  2367 | D:3      | Found a stormy altar of Qazlal.
  2367 | D:3      | Found a white marble altar of Elyvilon.
  2638 | D:3      | Reached XP level 6. HP: 52/52 MP: 6/6
  2709 | D:3      | Identified the +4 hand axe of the Saviour {vorpal, rF+}
  3164 | D:2      | Found a radiant altar of Vehumet.
  3311 | D:4      | Found an ornate altar of the Wu Jian Council.
  3328 | D:4      | Reached skill level 5 in Long Blades
  3328 | D:4      | Reached skill level 1 in Dodging
  3662 | D:4      | Identified the +5 trident "Newtbane" {speed, +Inv Str-3
                  | Dex+5}
  4134 | D:4      | Reached skill level 5 in Shields
  4134 | D:4      | Reached XP level 7. HP: 36/60 MP: 7/7
  4267 | D:4      | Reached skill level 5 in Armour
  4727 | D:4      | Found a shadowy altar of Dithmenos.
  5129 | D:5      | Entered Level 5 of the Dungeon
  5642 | D:5      | Found a shadowy altar of Dithmenos.
  5660 | D:5      | Reached skill level 5 in Fighting
  5660 | D:5      | Reached skill level 6 in Long Blades
  5756 | D:5      | Found an ancient bone altar of Kikubaaqudgha.
  5770 | D:5      | Reached XP level 8. HP: 66/68 MP: 8/8
  6049 | D:5      | Found a glowing golden altar of the Shining One.
  6444 | D:5      | Became a worshipper of the Shining One
  6775 | D:6      | Found a staircase to the Ecumenical Temple.
  6819 | D:6      | Reached skill level 7 in Long Blades
  7135 | D:6      | Reached * piety under the Shining One
  7338 | D:6      | Noticed a hornet
  7348 | D:6      | Slain by a hornet

Illustrated notes

Levels and vault maps discovered:
D:1:      minmay_arrival_cross, layout_rooms, st_stairs_6, minivault_4
D:2:      minmay_evil_eye, layout_loops_cross, marbit_many_paths, uniq_jessica,
          uniq_sigmund, uniq_robin
D:3:      minmay_octagon_keep, layout_basic, ashenzari_conservatory_becter,
          gammafunk_temple_overflow_statue
D:4:      layout_layer_cave, nzn_wu_jian_contemplation, kennysheep_little_box
D:5:      kennysheep_six_static_rooms, layout_basic, tso_oasis_becter,
          kiku_gazebo_garden_becter, basic_altar
D:6:      layout_basic, minmay_temple_entry_mini_moons, minivault_1

Skill      XL: |  1  2  3  4  5  6  7  8 |
---------------+-------------------------+-----
Long Blades    | 3 4 5 6 7 |  7.6
Shields        | 4 5 6 |  6.3
Fighting       | 4 5 |  5.8
Armour         | 4 5 6 |  6.4
Dodging        | 1 |  1.3
Throwing       | |  0.6
Stealth        | |  0.5

Action                   |  1- 3 |  4- 6 |  7- 9 || total
-------------------------+-------+-------+-------++-------
Melee: Long sword        |   121 |   238 |   204 ||   563
Throw: Dart              |       |     7 |     4 ||    11
  Use: Scroll            |       |       |    16 ||    16
Armor: Scale mail        |    91 |    93 |     6 ||   190
       Chain mail        |       |       |    97 ||    97
Dodge: Dodged            |    51 |    85 |    46 ||   182
Block: Kite shield       |    92 |   129 |    95 ||   316
       Rpst.: Long sword |    21 |    34 |     9 ||    64
